 Dungeon Crawl Stone Soup version 0.32-a0-163-g159c032296 (webtiles) character file.

Game seed: 2967209543551072124

3614 BubbleThief the Cleaver (level 10, -4/93 HPs)
             Began as a Hill Orc Fighter on Feb 11, 2024.
             Was a Follower of Qazlal.
             Killed from afar by an oklob plant (38 damage)
             ... with a splash of acid
             ... on level 8 of the Dungeon.
             The game lasted 00:09:19 (7918 turns).

BubbleThief the Cleaver (Hill Orc Fighter)          Turns: 7918, Time: 00:09:20

Health: -4/93      AC:  7    Str: 24    XL:     10   Next: 11%
Magic:  10/10      EV:  9    Int:  8    God:    Qazlal [*.....]
Gold:   320        SH:  0    Dex: 10    Spells: 9/9 levels left

rFire   . . .        k - +1 hand axe (elec)
rCold   . . .        c - +0 buckler
rNeg    . . .        b - +0 scale mail
rPois   .            (no helmet)
rElec   .            (no cloak)
rCorr   .            (no gloves)
SInv    +            (no boots)
Will    .....        (no amulet) Stlth
                     e - ring of wizardry
HPRegen 0.35/turn    B - ring of see invisible
MPRegen 0.12/turn

%: wizardry (x1)
@: confused
A: no striking features
a: Renounce Religion


You were on level 8 of the Dungeon.
You worshipped Qazlal.
Qazlal was aware of your devotion.
You visited 2 branches of the dungeon, and saw 9 of its levels.

You collected 359 gold pieces.
You spent 39 gold pieces at shops.

Inventory:

Hand Weapons
 k - a +1 hand axe of electrocution (weapon)
 C - the +7 spear "Ultimatum" {flame, +Blink rF+}
   (You found it on level 7 of the Dungeon)

   rF+:       It protects you from fire.
   +Blink:    It lets you blink.
 E - a +5 battleaxe
Armour
 b - a +0 scale mail (worn)
 c - a +0 buckler (worn)
Jewellery
 e - a ring of wizardry (left hand)
 B - a ring of see invisible (right hand)
Wands
 o - a wand of roots (12)
Scrolls
 a - a scroll of silence {unknown}
 f - 5 scrolls of teleportation
 i - 2 scrolls of fear
 j - 3 scrolls of identify
 n - a scroll of revelation {unknown}
 p - 2 scrolls of enchant weapon {unknown}
 q - a scroll of poison {unknown}
 s - a scroll of noise {unknown}
 t - a scroll of acquirement {unknown}
 v - a scroll of torment {unknown}
 w - a scroll of amnesia {unknown}
 y - a scroll of immolation {unknown}
 A - a scroll of enchant armour {unknown}
 F - a scroll of fog {unknown}
Potions
 d - 4 potions of might
 g - 5 potions of mutation
 h - a potion of lignification {unknown}
 l - 3 potions of curing
 m - a potion of haste {unknown}
 r - a potion of enlightenment {unknown}
 u - a potion of brilliance {unknown}
 x - 2 potions of degeneration {unknown}
 z - a potion of cancellation {unknown}
 D - a potion of heal wounds {unknown}


   Skills:
 + Level 10.3 Fighting
 - Level 14.0 Axes
 + Level 6.0 Armour
 - Level 3.5 Shields


You had 9 spell levels left.
You didn't know any spells.
Your spell library contained the following spells:

 Spells                   Type           Power      Damage    Failure   Level
 Apportation              Tloc           0%         N/A       43%         1
 Slow                     Hex            0%         N/A       43%         1
 Ensorcelled Hibernation  Hex/Ice        0%         N/A       56%         2
 Jinxbite                 Hex            0%         N/A       56%         2
 Confusing Touch          Hex            0%         N/A       78%         3
 Passwall                 Erth           0%         N/A       78%         3
 Sigil of Binding         Hex            0%         N/A       78%         3
 Summon Ice Beast         Ice/Summ       0%         N/A       78%         3
 Swiftness                Air            0%         N/A       78%         3
 Vampiric Draining        Necr           0%         2d6       78%         3
 Alistair's Intoxication  Alch           0%         N/A       100%        5
 Summon Mana Viper        Hex/Summ       0%         N/A       100%        5
 Monstrous Menagerie      Summ           0%         N/A       100%        7


Dungeon Overview and Level Annotations

Branches:
Dungeon (8/15)             Temple (1/1) D:5            Lair (0/5) D:8

Altars:
Ashenzari
Cheibriados
Dithmenos
Elyvilon
Fedhas
Gozag
Hepliaklqana
Makhleb
Nemelex Xobeh
Okawaru
Qazlal
Ru
Sif Muna
Trog
Uskayaw
Vehumet
Wu Jian
Xom
Yredelemnul
Zin
The Shining One

Shops:
D:4 !   D:5 (   D:7 =

Annotations:
D:8 exclusions: 3 oklob plants and statue


Message History

You resist with almost no effort. The golden eye blinks at you.
You are more confused.
You closely miss the golden eye. The golden eye blinks at you.
You are more confused.
You completely miss the golden eye. The golden eye blinks at you.
You easily resist.
You're too confused to move!
You bump into the rock wall.
You bump into the rock wall.
The golden eye blinks at you. You resist with almost no effort.
You bump into the rock wall.
The golden eye blinks at you.
You are more confused.
The golden eye blinks!
The golden eye blinks at you. You resist with almost no effort.
Found a ring mail.
Found an escape hatch in the floor.
The golden eye blinks at you.
You are more confused.
The golden eye blinks at you.
You are more confused.
The oklob plant spits acid at you. The splash of acid hits you!!
The golden eye blinks at you. You resist with some effort.
You slash the golden eye!
Lightning courses through the golden eye!!
You kill the golden eye!
Qazlal accepts your kill.
Your Armour skill increases to level 6!
Unknown command.
The oklob plant spits acid at you. The splash of acid hits you!!
The oklob plant spits acid at you. The splash of acid hits you!!!
You die...

#.........#..## #.#
...########.... #.#
...# .......####.# ...#
.........##.# ...#
.............#.#
...#..............#.###
..........[.$.........#
###.....$PPP.......#.##
###.....PP>PP...@....#
#......PP$.PPP.....#.#
#.#....PP...PPP..○.#.#
..#.....PP.!$P.....#.#
..#......PPPPP......[#
#.# .P.........#.#
#....................#
##.#...............###
.# ............###


You could see 2 oklob plants.

Vanquished Creatures
  A two-headed ogre (D:7)
  3 yaks (D:6)
  A golden eye (D:8)
  A warg (D:8)
  2 water moccasins
  An orc warrior (D:8)
  An ice beast (D:7)
  A sky beast (D:7)
  2 black bears
  2 ogres (D:4)
  2 wolves (D:8)
  2 centaurs
  A phantom (D:4)
  A bullfrog (D:6)
  3 scorpions
  3 wights (D:8)
  2 jellies
  4 orc priests
  3 iguanas
  2 sleepcaps
  9 orc wizards
  5 adders
  A white imp (D:7)
  2 ufetubi (D:5)
  4 dart slugs
  31 orcs
  6 endoplasms
  3 giant cockroaches
  7 goblins
  6 hobgoblins
  4 quokkas (D:1)
  9 ball pythons
  5 bats
  3 frilled lizards
  8 kobolds
  14 rats
155 creatures vanquished.

Notes
Turn   | Place    | Note
-------+----------+-------------------------------------------
     0 | D:1      | BubbleThief the Hill Orc Fighter began the quest for the
                  | Orb.
     0 | D:1      | Reached XP level 1. HP: 19/19 MP: 1/1
    32 | D:1      | Reached skill level 3 in Axes
    99 | D:1      | Reached XP level 2. HP: 27/27 MP: 2/2
   257 | D:1      | Reached skill level 4 in Axes
   282 | D:1      | Reached XP level 3. HP: 33/33 MP: 3/3
  1717 | D:3      | Found a hide-covered altar of Uskayaw.
  1722 | D:3      | Reached XP level 4. HP: 41/41 MP: 4/4
  1816 | D:3      | Reached skill level 5 in Axes
  2264 | D:3      | Reached XP level 5. HP: 24/47 MP: 5/5
  2456 | D:4      | Reached skill level 5 in Fighting
  2456 | D:4      | Reached skill level 6 in Axes
  2575 | D:4      | Noticed an ogre
  2575 | D:4      | Noticed a black bear
  2600 | D:4      | Killed an ogre
  2601 | D:4      | Reached XP level 6. HP: 42/56 MP: 6/6
  2664 | D:4      | Killed a black bear
  2665 | D:4      | Reached skill level 7 in Axes
  2813 | D:4      | Reached XP level 7. HP: 45/63 MP: 7/7
  2885 | D:4      | Reached skill level 8 in Axes
  2986 | D:4      | Found Wifrizxusaeq's Distillery.
  3045 | D:4      | Bought a potion of curing for 39 gold pieces
  3484 | D:5      | Entered Level 5 of the Dungeon
  3569 | D:5      | Reached skill level 9 in Axes
  3721 | D:5      | Found a staircase to the Ecumenical Temple.
  3733 | Temple   | Entered the Ecumenical Temple
  3745 | Temple   | Became a worshipper of Qazlal Stormbringer
  3836 | D:5      | Reached XP level 8. HP: 46/73 MP: 8/8
  4351 | D:5      | Found Kuoracw's Antique Weapon Shop.
  4697 | D:6      | Reached skill level 10 in Axes
  5164 | D:6      | Found a shimmering blue altar of Sif Muna.
  5165 | D:6      | Noticed a yak
  5166 | D:6      | Noticed a yak
  5166 | D:6      | Noticed a yak
  5180 | D:6      | Killed a yak
  5181 | D:6      | Reached skill level 11 in Axes
  5194 | D:6      | Killed a yak
  5205 | D:6      | Killed a yak
  5793 | D:7      | Reached XP level 9. HP: 78/82 MP: 9/9
  5797 | D:7      | Reached skill level 12 in Axes
  5890 | D:7      | Found a blossoming altar of Fedhas.
  5945 | D:7      | Noticed a two-headed ogre
  5950 | D:7      | Killed a two-headed ogre
  5951 | D:7      | Reached skill level 13 in Axes
  6017 | D:7      | Found Erone's Jewellery Boutique.
  6059 | D:7      | Identified the +7 spear "Ultimatum" {flame, +Blink rF+}
  6173 | D:7      | Reached * piety under Qazlal
  6446 | D:7      | Found an opulent altar of Gozag.
  6584 | D:7      | Found a sparkling altar of Nemelex Xobeh.
  7085 | D:8      | Reached skill level 5 in Armour
  7428 | D:8      | Found a radiant altar of Vehumet.
  7451 | D:8      | Found a staircase to the Lair.
  7460 | D:8      | Reached skill level 14 in Axes
  7460 | D:8      | Reached XP level 10. HP: 80/93 MP: 10/10
  7465 | D:8      | Reached skill level 10 in Fighting
  7582 | D:8      | Noticed an oklob plant
  7642 | D:8      | Found a glowing golden altar of the Shining One.
  7882 | D:8      | Noticed an oklob plant
  7882 | D:8      | Noticed an oklob plant
  7918 | D:8      | Killed from afar by an oklob plant

Illustrated notes

Levels and vault maps discovered:
D:1:      dpeg_arrival_prison, layout_basic, chequers_hall_statues_corner_a
D:2:      layout_basic, minmay_misc_feat_tower
D:3:      layout_loops_ring, mainiacjoe_overflow_paths
D:4:      layout_loops_cross, serial_shops, nicolae_shop_industrial_runoff
D:5:      layout_loops_corners, minmay_temple_entry_wispy, serial_shops,
          kennysheep_mini_moat
D:6:      layout_basic, hellmonk_sif_muna_bookshelves
D:7:      layout_basic, kennysheep_little_box, nicolae_overflow_hidden_temple,
          mainiacjoe_overflow_cross_hatched, minmay_shop_enchanted_jewellery
D:8:      layout_basic, vehumet_statue, tso_altar, erik_lair_orcish_takeover,
          disabler_island
Temple:   nicolae_temple_great_sept

Skill      XL: |  1  2  3  4  5  6  7  8  9 10 |
---------------+-------------------------------+-----
Axes           | 3 4 5 6 7 9 11 14 | 14.0
Fighting       | 4 5 6 7 8 9 10 | 10.3
Armour         | 5 6 |  6.0
Shields        | |  3.5

Action                     |  1- 3 |  4- 6 |  7- 9 | 10-12 || total
---------------------------+-------+-------+-------+-------++-------
  Melee: War axe           |   145 |    66 |       |       ||   211
         Hand axe          |       |    30 |   286 |    20 ||   336
    Use: Scroll            |       |       |     3 |       ||     3
 Armour: Scale mail        |    95 |    63 |   163 |    11 ||   332
  Dodge: Dodged            |    62 |    30 |    93 |     3 ||   188
  Block: Buckler           |    33 |    19 |    34 |     5 ||    91

Table legend: (Time is in decaauts)
 A = Elapsed time spent in this place.
 B = Non-inter-level travel time spent in this place.
 C = Inter-level travel time spent in this place.
 D = Time resting spent in this place.
 E = Time spent auto-exploring this place.
 F = Levels seen in this place.
 G = Mean time per level.
                   A        B        C        D        E       F      G
               +--------+--------+--------+--------+--------+-----+--------+
         Total |   7910 |   7760 |    150 |      0 |   6679 |   9 |  878.9 |
       Dungeon |   7886 |   7747 |    139 |      0 |   6679 |   8 |  985.8 |
        Temple |     24 |     13 |     11 |      0 |      0 |   1 |   24.0 |
               +--------+--------+--------+--------+--------+-----+--------+

Top non-repeatable levels by time:
     D:5: 1136 daAuts
     D:6: 1104 daAuts
     D:7: 1052 daAuts
     D:8: 1047 daAuts
     D:4: 1046 daAuts
     D:1: 902 daAuts
     D:3: 844 daAuts
     D:2: 751 daAuts
  Temple: 24 daAuts
